 Dungeon Crawl Stone Soup version 0.29-a0-512-gf59ac78 (webtiles) character file.

Game seed: 17790141320238738555

38 Toastz the Skirmisher (level 3, -3/33 HPs)
             Began as a Minotaur Fighter on May 29, 2022.
             Succumbed to a water moccasin's poison
             ... on level 2 of the Dungeon.
             The game lasted 00:01:36 (1521 turns).

Toastz the Skirmisher (Minotaur Fighter)            Turns: 1521, Time: 00:01:37

Health: -3/33      AC:  6    Str: 22    XL:     3   Next: 25%
Magic:  2/2        EV:  9    Int:  5    God:
Gold:   99         SH:  4    Dex:  9    Spells: 2/2 levels left

rFire   . . .      SeeInvis .   a - +0 trident
rCold   . . .      Faith    .   c - +0 buckler
rNeg    . . .      Spirit   .   b - +0 scale mail
rPois   .          Reflect  .   (helmet restricted)
rElec   .          Harm     .   (no cloak)
rCorr   .          Rampage  .   (no gloves)
Will    .....                   (no boots)
Stlth   ..........              g - amulet of magic regeneration
HPRegen 0.11/turn               (no ring)
MPRegen 0.48/turn               (no ring)

@: mighty, lethally poisoned (-3 -> -24)
A: horns 2, retaliatory headbutt
a: no special abilities


You were on level 2 of the Dungeon.
You visited 1 branch of the dungeon, and saw 3 of its levels.

You collected 99 gold pieces.

Inventory:

Hand Weapons
 a - a +0 trident (weapon)
Missiles
 e - 68 stones (quivered)
Armour
 b - a +0 scale mail (worn)
 c - a +0 buckler (worn)
Jewellery
 g - an amulet of magic regeneration (around neck)
Scrolls
 f - a scroll of immolation {unknown}
 h - 2 scrolls of identify {unknown}
 l - a scroll of enchant armour {unknown}
 m - a scroll of torment {unknown}
 n - 2 scrolls of vulnerability {unknown}
 o - a scroll of magic mapping {unknown}
 p - a scroll of poison {unknown}
 q - a scroll of teleportation {unknown}
Potions
 i - a potion of invisibility {unknown}
 j - a potion of flight
 r - a potion of lignification {unknown}


   Skills:
 + Level 4.2 Fighting
 * Level 4.0 Polearms
 - Level 3.6 Armour
 - Level 3.6 Shields


You had 2 spell levels left.
You didn't know any spells.
Your spell library contained the following spells:

 Spells                   Type           Power      Damage    Failure   Level
 Sandblast                Erth           0%         2d4       88%         1
 Sting                    Tmut/Pois      0%         1d3       88%         1
 Passwall                 Tmut/Erth      0%         N/A       95%         2
 Poisonous Vapours        Pois/Air       0%         N/A       95%         2
 Stone Arrow              Conj/Erth      0%         3d7       99%         3
 Olgreb's Toxic Radiance  Pois           0%         N/A       100%        4


Dungeon Overview and Level Annotations

Branches:
Dungeon (3/15)

Altars:


Innate Abilities, Weirdness & Mutations

You have a pair of horns on your head.
You reflexively headbutt those who attack you in melee.


Message History

You block the water moccasin's attack. The quokka bites you.
The water moccasin bites you.
You climb upwards.
There is a stone staircase leading down here.
You closely miss the water moccasin. The water moccasin misses you.
The quokka barely misses you. You furiously retaliate!
You headbutt the quokka!
You kill the quokka!
The water moccasin bites you.
You are poisoned.
The water moccasin poisons you!
It was a potion of flight.
You feel very buoyant.
You fly up into the air.
You feel sick. The water moccasin barely misses you.
It was a potion of cancellation.
Your magical effects are unravelling.
You feel magically purged.
You float gracefully downwards.
You feel sick. You block the water moccasin's attack.
You feel very mighty all of a sudden.
You feel sick. The water moccasin barely misses you.
The water moccasin bites you.
You are lethally poisoned!
The water moccasin poisons you!
Okay, then.
You miss the water moccasin. You headbutt the water moccasin!
The water moccasin is heavily wounded.
* * * LOW HITPOINT WARNING * * *
You feel very sick. The water moccasin bites you.
* * * LOW HITPOINT WARNING * * *
You barely miss the water moccasin. You headbutt the water moccasin.
The water moccasin is severely wounded.
* * * LOW HITPOINT WARNING * * *
You feel very sick. The water moccasin bites you.
* * * LOW HITPOINT WARNING * * *
You are more poisoned.
The water moccasin poisons you! The water moccasin barely misses you.
You puncture the water moccasin!
You kill the water moccasin!
You die...

.....##.#
#.#.............#
>....##.#
#.#.............#
.....##.#
#...............#
.....##.#
##..............#
.....##.#
#).##########.##
.....##.#######..#####
#.#
.....##.##...........#
#.#
.....##.##...........#
#.#
.....##........)@....#
#.#
......<..............#
#.#
.....................#
#.#
.....................#
#.#
.....................#
#.#
.....................#
#.#
..........############
#.# ..........# #.#
..........# #.#


There were no monsters in sight!

Vanquished Creatures
  A water moccasin (D:2)
  A gnoll (D:1)
  4 endoplasms (D:1)
  2 goblins
  4 jackals (D:2)
  4 kobolds (D:1)
  4 quokkas
  2 ball pythons (D:1)
  3 bats (D:2)
  A frilled lizard (D:1)
  2 rats (D:1)
28 creatures vanquished.

Notes
Turn   | Place    | Note
-------+----------+-------------------------------------------
     0 | D:1      | Toastz the Minotaur Fighter began the quest for the Orb.
     0 | D:1      | Reached XP level 1. HP: 19/19 MP: 0/0
    75 | D:1      | Reached XP level 2. HP: 22/27 MP: 1/1
   888 | D:2      | Reached XP level 3. HP: 33/33 MP: 2/2
  1509 | D:3      | Noticed a water moccasin
  1521 | D:2      | Killed a water moccasin
  1521 | D:2      | Succumbed to a water moccasin's poison

Illustrated notes

Levels and vault maps discovered:
D:1:      lightli_arrival_flooded_house, layout_basic
D:2:      layout_basic, eino_curves_03
D:3:      layout_loops_corners, regret_index_temple_of_mockery,
          mainiacjoe_overflow_large_starburst, serial_shops, shop,
          nicolae_shop_crystal, nicolae_shop_window_shopping,
          nicolae_shop_overgrown_old_shop, nicolae_shop_window_shopping,
          ebering_ghost_gozag, shapermc_ecumenical_altar_mp_vishouse,
          serial_park_tiny_1, minmay_close_crescents

Skill      XL: |  1  2  3 |
---------------+----------+-----
Polearms       | 3 4 |  4.0
Fighting       | 4 |  4.2
Armour         | |  3.6
Shields        | |  3.6

Action                   || total
-------------------------++-------
Melee: Trident           ||    68
       Headbutt          ||     8
Throw: Stone             ||    12
  Use: Potion            ||     3
Armor: Scale mail        ||    11
Dodge: Dodged            ||    37
Block: Buckler           ||    10

Table legend: (Time is in decaauts)
 A = Elapsed time spent in this place.
 B = Non-inter-level travel time spent in this place.
 C = Inter-level travel time spent in this place.
 D = Time resting spent in this place.
 E = Time spent auto-exploring this place.
 F = Levels seen in this place.
 G = Mean time per level.
                   A        B        C        D        E       F      G
               +--------+--------+--------+--------+--------+-----+--------+
         Total |   1534 |   1452 |     82 |      0 |   1265 |   3 |  511.3 |
       Dungeon |   1534 |   1452 |     82 |      0 |   1265 |   3 |  511.3 |
               +--------+--------+--------+--------+--------+-----+--------+

Top non-repeatable levels by time:
     D:2: 771 daAuts
     D:1: 758 daAuts
     D:3: 5 daAuts
